 Dungeon Crawl Stone Soup version 0.31-a0-133-gaae73658be (webtiles) character file.

Game seed: 7203690730080517956

373 Pimp the Chopper (level 6, -6/57 HPs)
             Began as a Hill Orc Monk on June 2, 2023.
             Mangled by an ice beast (8 damage)
             ... on level 5 of the Dungeon.
             The game lasted 00:10:34 (4550 turns).

Pimp the Chopper (Hill Orc Monk)                    Turns: 4550, Time: 00:10:34

Health: -6/57      AC:  2    Str: 16    XL:     6   Next: 71%
Magic:  15/15      EV: 12    Int: 10    God:
Gold:   325        SH:  0    Dex: 13    Spells: 5/5 levels left

rFire   + . .        a - +1 hand axe
rCold   . . .        d - orb {light}
rNeg    . . .        b - +0 robe
rPois   .            (no helmet)
rElec   .            (no cloak)
rCorr   .            (no gloves)
SInv    +            (no boots)
Will    +....        (no amulet)
Stlth   +            i - ring "Piasousu" {rF+ Will+ MP+9 SInv}
HPRegen 0.29/turn    (no ring)
MPRegen 0.14/turn

%: no passive effects
@: glowing
A: no striking features
a: no special abilities


You were on level 5 of the Dungeon.
You visited 1 branch of the dungeon, and saw 5 of its levels.

You collected 325 gold pieces.

Inventory:

Hand Weapons
 a - a +1 hand axe (weapon)
 j - a +0 orcbow
Armour
 b - a +0 robe (worn)
 d - an orb of light (worn)
 e - a scarf of shadows
 r - a +0 plate armour
Jewellery
 i - the ring "Piasousu" (left hand) {rF+ Will+ MP+9 SInv}
   (You acquired it on level 4 of the Dungeon)

   [ring of willpower]

   rF:        It protects you from fire.
   MP:        It affects your magic capacity (+9).
   SInv:      It lets you see invisible.
   Will:      It increases your willpower.
 l - a ring of ice
 n - an amulet of guardian spirit
Scrolls
 k - 2 scrolls of teleportation
Potions
 c - a potion of mutation {unknown}
 f - a potion of ambrosia
 g - a potion of lignification
 h - a potion of curing
 m - 2 potions of degeneration
 o - a potion of brilliance {unknown}
 p - a potion of heal wounds


   Skills:
 + Level 5.9 Fighting
 + Level 6.4 Axes
 + Level 3.8 Armour
 - Level 2.4 Dodging


You had 5 spell levels left.
You didn't know any spells.
Your spell library contained the following spells:

 Spells                   Type           Power      Damage    Failure   Level
 Freeze                   Ice            0%         1d3       36%         1
 Frozen Ramparts          Ice            0%         1d1       75%         3
 Hailstorm                Conj/Ice       0%         3d3       75%         3


Dungeon Overview and Level Annotations

Branches:
Dungeon (5/15)
 Temple: D:4-7

Altars:
Ashenzari
Cheibriados
Kikubaaqudgha
Qazlal
Yredelemnul


Message History

You hit the ice beast.
The ice beast is lightly wounded.
The ice beast hits you. The ice beast freezes you!
You hit the ice beast but do no damage.
The ice beast is lightly wounded.
The ice beast misses you.
You hit the ice beast but do no damage.
The ice beast is lightly wounded.
The ice beast hits you but does no damage.
You hit the ice beast.
The ice beast is moderately wounded.
The ice beast closely misses you.
You hit the ice beast but do no damage.
The ice beast is moderately wounded.
The ice beast hits you. The ice beast freezes you.
You hit the ice beast.
The ice beast is heavily wounded.
The ice beast hits you. The ice beast freezes you!
* * * LOW HITPOINT WARNING * * *
You barely miss the ice beast.
The ice beast is heavily wounded.
The ice beast closely misses you.
You hit the ice beast but do no damage.
The ice beast is heavily wounded.
The ice beast barely misses you.
You hit the ice beast.
The ice beast is heavily wounded.
The ice beast hits you.
* * * LOW HITPOINT WARNING * * *
The ice beast freezes you!
* * * LOW HITPOINT WARNING * * *
You hit the ice beast.
The ice beast is severely wounded.
The ice beast closely misses you.
You barely miss the ice beast.
The ice beast is severely wounded.
The ice beast hits you.
* * * LOW HITPOINT WARNING * * *
The ice beast freezes you!
You die...

#. #. .... ##.# ...
#...## #.. #....#
#....#
#....##.#.##.#
#<##.#.##.#
#.##.#Y##.#
#.##.#@##.#
#.##.#.##.#
#.##...##.#######.#
#)###.............#
#.# #....####.#####
##.###....# #g#
#.........# #g#
#.####.##.#
#.######## #.
#.##.# #.<.......


You could see an ice beast.

Vanquished Creatures
  A black bear (D:4)
  A sleepcap (D:4)
  2 iguanas
  An orc wizard (D:4)
  2 gnolls
  7 adders
  An ufetubus (D:4)
  6 worms
  2 dart slugs
  3 orcs (D:4)
  3 ball pythons
  2 endoplasms
  2 giant cockroaches
  4 goblins
  7 hobgoblins
  6 jackals
  7 kobolds
  7 quokkas
  5 bats
  4 rats
73 creatures vanquished.

Vanquished Creatures (others)
  A human (D:3)
1 creature vanquished.

Grand Total: 74 creatures vanquished

Notes
Turn   | Place    | Note
-------+----------+-------------------------------------------
     0 | D:1      | Pimp the Hill Orc Monk began the quest for the Orb.
     0 | D:1      | Reached XP level 1. HP: 19/19 MP: 1/1
   158 | D:1      | Reached XP level 2. HP: 20/27 MP: 2/2
   374 | D:1      | You fall into a shaft and drop 1 floor!
   420 | D:2      | Reached skill level 1 in Armour
   623 | D:2      | Reached XP level 3. HP: 26/33 MP: 3/3
   750 | D:2      | Found a basalt altar of Yredelemnul.
  1396 | D:2      | Reached XP level 4. HP: 31/41 MP: 4/4
  1526 | D:3      | Reached skill level 5 in Axes
  1552 | D:3      | Found a broken altar of Ashenzari.
  2574 | D:3      | Found an ancient bone altar of Kikubaaqudgha.
  2575 | D:3      | Noticed a human
  2577 | D:3      | Killed a human
  2656 | D:4      | Identified a scroll of acquirement
  2656 | D:4      | Acquired the ring "Piasousu" {rF+ Will+ MP+9 SInv}
  2664 | D:4      | Noticed a black bear
  2687 | D:5      | Entered Level 5 of the Dungeon
  2922 | D:4      | Reached XP level 5. HP: 16/47 MP: 5/5
  3039 | D:4      | Reached skill level 5 in Fighting
  3057 | D:4      | Found a stormy altar of Qazlal.
  3095 | D:4      | Killed a black bear
  3110 | D:4      | Reached XP level 6. HP: 19/56 MP: 6/6
  3119 | D:4      | Reached skill level 6 in Axes
  3509 | D:4      | Found a snail-covered altar of Cheibriados.
  3837 | D:4      | Found a basalt altar of Yredelemnul.
  4532 | D:5      | Noticed an ice beast
  4550 | D:5      | HP: 2/57 [ice beast (2)]
  4550 | D:5      | Mangled by an ice beast

Illustrated notes

Levels and vault maps discovered:
D:1:      amcnicky_arrival_wind_blow, layout_basic
D:2:      layout_basic, basic_altar
D:3:      layout_basic, tgw_kikubaaqudgha, evilmike_ruin_ashenzari
D:4:      layout_basic, kennysheep_slug_shrine, lemuel_tele_altar,
          amcnicky_altar_gilded, minmay_misc_feat_alley, minmay_misc_feat_roman
D:5:      layout_loops_ring, kennysheep_little_box, ebering_ghost_rock_garden

Skill      XL: |  1  2  3  4  5  6 |
---------------+-------------------+-----
Armour         | 1 2 3 |  3.8
Fighting       | 4 5 |  5.9
Axes           | 5 6 |  6.4
Dodging        | |  2.4

Action                     |  1- 3 |  4- 6 || total
---------------------------+-------+-------++-------
  Melee: Hand axe          |    90 |   181 ||   271
    Use: Potion            |     1 |     6 ||     7
         Scroll            |       |    12 ||    12
 Armour: Robe              |    11 |    24 ||    35
  Dodge: Dodged            |    54 |   125 ||   179

Table legend: (Time is in decaauts)
 A = Elapsed time spent in this place.
 B = Non-inter-level travel time spent in this place.
 C = Inter-level travel time spent in this place.
 D = Time resting spent in this place.
 E = Time spent auto-exploring this place.
 F = Levels seen in this place.
 G = Mean time per level.
                   A        B        C        D        E       F      G
               +--------+--------+--------+--------+--------+-----+--------+
         Total |   4567 |   4390 |    177 |   1217 |   2393 |   5 |  913.4 |
       Dungeon |   4567 |   4390 |    177 |   1217 |   2393 |   5 |  913.4 |
               +--------+--------+--------+--------+--------+-----+--------+

Top non-repeatable levels by time:
     D:4: 1728 daAuts
     D:3: 1168 daAuts
     D:2: 1110 daAuts
     D:1: 376 daAuts
     D:5: 183 daAuts
